 Dungeon Crawl Stone Soup version 0.28.0-53-g5a82cb258f (webtiles) character file.

Game seed: 15483860993200564246

116 mortz the Gusty (level 4, 0/33 HPs)
             Began as a Demigod Air Elementalist on May 25, 2022.
             Slain by an orc
             ... wielding a +0 dagger
              (4 damage)
             ... on level 1 of the Dungeon.
             The game lasted 00:09:35 (2516 turns).

mortz the Gusty (Demigod Air Elementalist)          Turns: 2516, Time: 00:09:35

Health: 0/33       AC:  2    Str:  9    XL:     4   Next: 42%
Magic:  2/10       EV: 12    Int: 21    God:
Gold:   111        SH:  0    Dex: 14    Spells: 4/7 levels left

rFire   . . .      SeeInvis .   d - +0 short sword (venom) {short}
rCold   . . .      Faith    .   (no shield)
rNeg    . . .      Spirit   .   a - +0 robe
rPois   +          Reflect  .   (no helmet)
rElec   .          Harm     .   (no cloak)
rCorr   .          Rampage  .   (no gloves)
Will    .....                   (no boots)
Stlth   ++........              (no amulet)
HPRegen 0.11/turn               e - ring of poison resistance
MPRegen 0.12/turn               (no ring)

@: no status effects
A: high MP 1, forlorn, divine attributes
a: no special abilities


You were on level 1 of the Dungeon.
You visited 1 branch of the dungeon, and saw 3 of its levels.

You collected 111 gold pieces.


Innate Abilities, Weirdness & Mutations

You have an increased reservoir of magic. (+10% MP)
You shall have no god before yourself.
Your divine heritage dramatically boosts your attributes as you level up.


   Skills:
 + Level 2.0 Dodging
 + Level 2.0 Stealth
 + Level 2.4 Spellcasting
 + Level 1.4 Conjurations
 * Level 4.1 Air Magic


You had 4 spell levels left.
You knew the following spells:

 Your Spells              Type           Power      Damage    Failure   Level
a - Shock                 Conj/Air       56%        1d6       4%          1
b - Static Discharge      Conj/Air       14%        N/A       7%          2

Your spell library contained the following spells:

 Spells                   Type           Power      Damage    Failure   Level
 Swiftness                Air            20%        N/A       8%          3
 Airstrike                Air            10%        N/A       26%         4
 Conjure Flame            Conj/Fire      5%         6-21      32%         3
 Ignite Poison            Fire/Tmut/Pois 2%         N/A       38%         3
 Sticky Flame             Conj/Fire      5%         2d3       71%         4

Inventory:

Hand Weapons
 d - a +0 short sword of venom (weapon) {short}
   (You took it off a kobold on level 1 of the Dungeon)
Armour
 a - a +0 robe (worn)
Jewellery
 e - a ring of poison resistance (left hand)
   (You found it on level 2 of the Dungeon)
Scrolls
 g - a scroll of fog {unknown}
 h - a scroll of holy word {unknown}
Potions
 b - a potion of curing {unknown}
 c - a potion of ambrosia
 f - 2 potions of invisibility

Dungeon Overview and Level Annotations

Branches:
Dungeon (3/15)

#.##.###.#### #..##.# #####
#.##.#......# #..##.# #...#
#.##.#.#.##.# #..##.# '...#
#.##.#......# #..##.# #...#
#.##.#...#### #..##.# .#+##
#.##.#......# #..##.#
.#.######.##.#......# #..#..#
.#......#.##.##.#######..#..#
...............o@..........##
.#.####.#..##############..#
.#..# #.#..................#
##### ##################.#.#
#..............#.#
############.............#.#
.#.#.#.#.#...#...#######.#.#
#.#.#.#.#.#..#...........#.#
##.###.###..##...#######.#.#


You could see an orc.


Message History

The orc shouts!
You hear a shout!
An orc comes into view. It is wielding a +0 club.
The orc moves out of view.
You hear a shout! x2
Casting: Static Discharge (safe; 8% risk of failure)
Confirm with . or Enter, or press ? or * to list all spells.
The ball python is struck by an arc of lightning.
You kill the ball python!
The orc wizard is struck by an arc of lightning.
The orc is struck by an arc of lightning.
The lightning grounds out.
The orc wizard is struck by an arc of lightning!
The orc is struck by an arc of lightning!
You kill the orc!
The lightning grounds out.
The orc wizard hits you with a +0 dagger. 😮 HP[-1] MP[-2]
You take 1 damage, and now have 17/33 hp.
You lost 2 mp, and now have 8/10 mp.
Casting: Static Discharge (safe; 8% risk of failure)
Confirm with . or Enter, or press ? or * to list all spells.
The orc is struck by an arc of lightning.
The orc wizard is struck by an arc of lightning.
You kill the orc wizard!
The orc is struck by an arc of lightning.
You kill the orc!
The lightning grounds out.
Your Air Magic skill increases to level 4! 😮 MP[-2]
You lost 2 mp, and now have 6/10 mp.
Casting: Static Discharge (safe; 7% risk of failure)
Confirm with . or Enter, or press ? or * to list all spells.
The orc is struck by an arc of lightning.
You are struck by an arc of lightning.
* * * LOW HITPOINT WARNING * * *
The lightning grounds out.
The orc hits you with a +0 club.
* * * LOW HITPOINT WARNING * * *
😨 HP[-4] MP[-2]
You take 4 damage, and now have 13/33 hp.
You lost 2 mp, and now have 4/10 mp.
Casting: Static Discharge (safe; 7% risk of failure)
Confirm with . or Enter, or press ? or * to list all spells.
The orc is struck by an arc of lightning.
You kill the orc!
The lightning grounds out.
The orc is struck by an arc of lightning.
You are struck by an arc of lightning.
* * * LOW HITPOINT WARNING * * *
The lightning grounds out.
The orc misses you.
An orc comes into view. It is wielding a +0 dagger. 😨 MP[-2]
You lost 2 mp, and now have 2/10 mp.
Casting: Static Discharge (safe; 7% risk of failure)
Confirm with . or Enter, or press ? or * to list all spells.
The orc is struck by an arc of lightning.
You kill the orc!
The lightning grounds out.
An orc wizard comes into view. It is wielding a +0 dagger. 😨 MP[-2]
You lost 2 mp, and now have 0/10 mp.
The orc wizard mumbles some strange words.
The orc wizard flickers and vanishes!
Deactivating autopickup; reactivate with Ctrl-A.
The orc hits you but does no damage. 😨 MP[+1]
There is a stone staircase leading up here. 😨 HP[+1]
The orc hits you but does no damage. Something hits you.
* * * LOW HITPOINT WARNING * * *
You climb upwards.
Reactivating autopickup.
There is a stone staircase leading down here. 😨 HP[-1] MP[+1]
You take 1 damage, and now have 13/33 hp.
The orc hits you but does no damage.
You hear some strange, mumbled words.
A puff of flame appears from out of thin air!
Deactivating autopickup; reactivate with Ctrl-A.
The puff of flame hits you!
* * * LOW HITPOINT WARNING * * *
😱 HP[-9]
You take 9 damage, and now have 4/33 hp.
MASSIVE DAMAGE!! (PAUSE)
The orc closely misses you. 😱 HP[+1] 😱 MP[+1]
There is a stone staircase leading up here. 😱 HP[+1]
The orc hits you with a +0 dagger.
* * * LOW HITPOINT WARNING * * *
You climb upwards.
Reactivating autopickup.
There is a stone staircase leading down here. 😱 HP[-2] MP[+1]
You take 2 damage, and now have 4/33 hp.
Casting: Static Discharge (safe; 7% risk of failure)
Confirm with . or Enter, or press ? or * to list all spells.
The orc is struck by an arc of lightning.
The lightning grounds out.
The orc hits you with a +0 dagger.
You die...

Skill      XL: |  1  2  3  4 |
---------------+-------------+-----
Air Magic      | 3 4 |  4.1
Spellcasting   | 2 |  2.4
Conjurations   | 1 |  1.4
Dodging        | 2 |  2.0
Stealth        | 2 |  2.0

Action                   |  1- 3 |  4- 6 || total
-------------------------+-------+-------++-------
Melee: Short sword       |    12 |       ||    12
 Cast: Shock             |    83 |     2 ||    85
       Static Discharge  |     9 |     7 ||    16
  Use: Scroll            |     2 |       ||     2
Armor: Robe              |     7 |     5 ||    12
Dodge: Dodged            |    33 |     4 ||    37

Levels and vault maps discovered:
D:1:      mrwooster_arrival_arrow, layout_basic, roderic_roman_lattice
D:2:      layout_basic, chequers_ecumenical_altar_island
D:3:      layout_basic

Notes
Turn   | Place    | Note
-------+----------+-------------------------------------------
     0 | D:1      | mortz the Demigod Air Elementalist began the quest for the
                  | Orb.
     0 | D:1      | Reached XP level 1. HP: 14/14 MP: 5/5
     0 | D:1      | magus.rc [v1.9.6]
     2 | D:1      | You add the spells Conjure Flame, Ignite Poison and Sticky
                  | Flame to your library.
   192 | D:1      | Reached skill level 3 in Air Magic
   413 | D:1      | Reached XP level 2. HP: 20/20 MP: 2/7
   416 | D:1      | Learned a level 2 spell: Static Discharge
   546 | D:1      | Reached skill level 2 in Spellcasting
  1087 | D:1      | Reached skill level 1 in Conjurations
  1135 | D:1      | Reached skill level 2 in Dodging
  1566 | D:2      | Reached XP level 3. HP: 26/26 MP: 5/8
  2093 | D:2      | Reached skill level 2 in Stealth
  2397 | D:3      | Reached XP level 4. HP: 33/33 MP: 7/10
  2485 | D:3      | Reached skill level 4 in Air Magic
  2499 | D:2      | HP: 4/33 [something/puff of flame (9)]
  2514 | D:2      | HP: 4/33 [orc/+0 dagger (2)]
  2516 | D:1      | Slain by an orc

Vanquished Creatures
  An orc wizard (D:3)
  3 adders
  3 dart slugs
  4 orcs (D:3)
  4 ball pythons
  6 endoplasms
  2 giant cockroaches
  2 goblins
  4 hobgoblins
  8 kobolds
  2 quokkas (D:2)
  8 bats
  A frilled lizard (D:1)
  10 rats
58 creatures vanquished.

Table legend:
 A = Non-vault XP
 B = Vault XP
 C = Vault XP percentage of total XP
 D = Non-vault monster count
 E = Vault monster count
 F = Vault count percentage of total count
                 A         B        C        D         E       F
            +---------+---------+-------+---------+---------+-------
      Total |     166 |       0 |   0.0 |      58 |       0 |   0.0
            +---------+---------+-------+---------+---------+-------
        D:1 |      47 |       0 |   0.0 |      28 |       0 |   0.0
        D:2 |      59 |       0 |   0.0 |      22 |       0 |   0.0
        D:3 |      60 |       0 |   0.0 |       8 |       0 |   0.0
            +---------+---------+-------+---------+---------+-------

Illustrated notes

Table legend:
 A = Kills in this place as a percentage of kills in entire the game.
 B = Kills by you in this place as a percentage of kills by you in the entire game.
 C = Kills by friends in this place as a percentage of kills by friends in the entire game.
 D = Other kills in this place as a percentage of other kills in the entire game.
 E = Experience gained in this place as a percentage of experience gained in the entire game.
 F = Experience gained in this place divided by the number of levels of this place that you have seen.
                   A       B       C       D       E      F
               +-------+-------+-------+-------+-------+----------------------
         Total | 100.0 | 100.0 |   N/A |   N/A | 100.0 |  55.3
       Dungeon | 100.0 | 100.0 |   N/A |   N/A | 100.0 |  55.3
               +-------+-------+-------+-------+-------+----------------------

Table legend: (Time is in decaauts)
 A = Elapsed time spent in this place.
 B = Non-inter-level travel time spent in this place.
 C = Inter-level travel time spent in this place.
 D = Time resting spent in this place.
 E = Time spent auto-exploring this place.
 F = Levels seen in this place.
 G = Mean time per level.
                   A        B        C        D        E       F      G
               +--------+--------+--------+--------+--------+-----+--------+
         Total |   2519 |   2480 |     39 |     34 |   2161 |   3 |  839.7 |
       Dungeon |   2519 |   2480 |     39 |     34 |   2161 |   3 |  839.7 |
               +--------+--------+--------+--------+--------+-----+--------+

Top non-repeatable levels by time:
     D:1: 1552 daAuts
     D:2: 854 daAuts
     D:3: 112 daAuts
